 Dungeon Crawl Stone Soup version 0.26-b1-32-g5d43845318 (webtiles) character file.

Game seed: 5029625371519077537

128758 Borgoz the Bludgeoner (level 17, -6/108 HPs)
             Began as a Gargoyle Gladiator on Jan 11, 2021.
             Mangled by a merfolk
             ... wielding a +0 trident
              (7 damage)
             ... on level 1 of the Shoals.
             The game lasted 00:57:26 (32137 turns).

Borgoz the Bludgeoner (Gargoyle Gladiator)         Turns: 32137, Time: 00:57:27

Health: -6/108     AC: 43    Str: 19    XL:     17   Next: 4%
Magic:  0/24       EV: 21    Int: 10    God:
Gold:   1021       SH:  0    Dex: 14    Spells: 21/26 levels left

rFire    . . .     SeeInvis .   a - +0 great mace
rCold    + + .     Faith    .   (shield currently unavailable)
rNeg     + + .     Spirit   +   I - +11 ice dragon scales of Dattaqye {rF- rC++ rN+ Regen+}
rPois    ∞         Reflect  .   w - +0 helmet
rElec    +         Harm     .   A - scarf {+Inv}
rCorr    .         Rampage  .   d - +1 pair of gloves
Will     +....                  G - +0 pair of boots
Stlth    +.........             q - amulet of guardian spirit
HPRegen  0.68/turn              o - ring of protection from fire
MPRegen  0.19/turn              y - +4 ring of evasion

@: flying, very slightly contaminated, invisible
A: big wings, clumsy 1, negative energy resistance 1, electricity resistance,
unbreathing, petrification resistance, miasma immunity, AC +12
a: Stop Flying, Evoke Invisibility


You were on level 1 of the Shoals.
You visited 5 branches of the dungeon, and saw 25 of its levels.
You visited the Abyss 1 time.
You also visited: Sewer and Ossuary.

You collected 2852 gold pieces.
You spent 1831 gold pieces at shops.

Inventory:

Hand Weapons
 a - a +0 great mace (weapon)
 b - the +7 broad axe "Uwys" {flame, Dex+4}
   (You found it on level 13 of the Dungeon)

   It has been specially enchanted to burn those struck by it, causing extra
   injury to most foes and up to half again as much damage against particularly
   susceptible opponents.
   Big, fiery blades are also staple armaments of hydra-hunters.
   It affects your dexterity (+4).
Missiles
 K - 2 throwing nets (quivered)
Armour
 d - a +1 pair of gloves (worn)
 w - a +0 helmet (worn)
 A - a scarf of invisibility (worn)
 D - the +7 chain mail "Qeobaow" {*Slow Will++ Slay+5}
   (You found it on level 8 of the Dungeon)

   It affects your accuracy and damage with ranged weapons and melee attacks
   (+5).
   It affects your willpower, your defense against some magical effects.
   It may slow you when you take damage.
 G - a +0 pair of boots (worn)
 I - the +11 ice dragon scales of Dattaqye (worn) {rF- rC++ rN+ Regen+}
   (You bought it in a shop on level 10 of the Dungeon)

   It makes you vulnerable to fire.
   It greatly protects you from cold.
   It protects you from negative energy.
   It increases your rate of regeneration.
 M - a +2 kite shield of reflection
Jewellery
 f - an uncursed ring of protection from fire
 m - an uncursed ring of see invisible
 o - a ring of protection from fire (left hand)
 q - an amulet of guardian spirit (around neck)
 s - an uncursed amulet of regeneration
 y - a +4 ring of evasion (right hand)
 N - an uncursed ring of willpower
 O - an uncursed ring of resist corrosion
Wands
 r - a wand of disintegration (10)
 C - a wand of acid (8)
 J - a wand of iceblast (32)
 L - a wand of flame (40)
Scrolls
 h - 6 scrolls of fog
 j - 4 scrolls of fear
 l - 10 scrolls of identify
 p - 19 scrolls of teleportation
 t - 4 scrolls of magic mapping
 u - 12 scrolls of remove curse
 v - 5 scrolls of blinking
 z - a scroll of enchant armour
 E - 2 scrolls of enchant weapon
 P - a scroll of holy word
 Q - a scroll of amnesia
Potions
 c - 4 potions of cancellation
 e - a potion of resistance
 k - 3 potions of haste
 n - a potion of brilliance
 B - 6 potions of curing
 F - 4 potions of might
 H - 2 potions of ambrosia


   Skills:
 + Level 12.4 Fighting
 * Level 15.6 Maces & Flails
 - Level 1.7 Throwing
 + Level 12.2 Armour
 * Level 13.5 Dodging
 - Level 5.0 Stealth
 - Level 5.0 Spellcasting
 - Level 5.0 Hexes
 - Level 5.0 Translocations
 - Level 6.7 Evocations


You had 21 spell levels left.
You knew the following spells:

 Your Spells              Type           Power        Failure   Level
a - Confusing Touch       Hex            12%          24%         3
b - Blink                 Tloc           N/A          12%         2

Your spell library contained the following spells:

 Spells                   Type           Power        Failure   Level
 Corona                   Hex            13%          9%          1
 Slow                     Hex            12%          12%         2
 Gell's Gravitas          Tloc           6%           24%         3
 Portal Projectile        Hex/Tloc       24%          24%         3
 Ensorcelled Hibernation  Hex/Ice        14%          34%         2
 Beastly Appendage        Tmut           4%           54%         1
 Freeze                   Ice            8%           54%         1
 Magic Dart               Conj           8%           54%         1
 Sandblast                Erth           4%           54%         1
 Inner Flame              Hex/Fire       7%           56%         3
 Cause Fear               Hex            6%           63%         4
 Call Imp                 Summ           2%           67%         2
 Passwall                 Tmut/Erth      1%           67%         2
 Poisonous Vapours        Pois/Air       4%           67%         2
 Wereblood                Tmut           2%           67%         2
 Conjure Flame            Conj/Fire      2%           88%         3
 Frozen Ramparts          Ice            4%           88%         3
 Mephitic Cloud           Conj/Pois/Air  2%           88%         3
 Ozocubu's Armour         Ice            2%           88%         3
 Spider Form              Tmut/Pois      1%           88%         3
 Stone Arrow              Conj/Erth      4%           88%         3
 Leda's Liquefaction      Hex/Erth       3%           92%         4
 Hailstorm                Conj/Ice       2%           99%         4
 Ice Form                 Ice/Tmut       2%           99%         4
 Petrify                  Tmut/Erth      2%           99%         4
 Summon Ice Beast         Ice/Summ       2%           99%         4
 Metabolic Englaciation   Hex/Ice        3%           99%         5
 Silence                  Hex/Air        3%           99%         5
 Yara's Violent Unravell  Hex/Tmut       3%           99%         5
 Blade Hands              Tmut           1%           100%        5
 Borgnjor's Vile Clutch   Necr/Erth      1%           100%        5
 Lee's Rapid Deconstruct  Erth           1%           100%        5
 Freezing Cloud           Conj/Ice/Air   1%           100%        6
 Shadow Creatures         Summ           N/A          100%        6


Dungeon Overview and Level Annotations

Branches:
Dungeon (15/15)            Temple (1/1) D:6            Lair (6/6) D:9
 Shoals (1/4) Lair:4        Snake (0/4) Lair:2        Slime (0/5) Lair:6
    Orc (2/2) D:12            Elf (0/3) Orc:2        Vaults (0/5) D:13
 Depths (0/5) D:15          Sewer (visited)         Ossuary (visited)

Altars:
Ashenzari
Cheibriados
Dithmenos
Elyvilon
Fedhas
Gozag
Hepliaklqana
Kikubaaqudgha
Makhleb
Nemelex Xobeh
Okawaru
Qazlal
Ru
Sif Muna
Trog
Uskayaw
Vehumet
Wu Jian
Xom
Yredelemnul
Zin
The Shining One
Beogh
Jiyva

Shops:
D:10 [   Orc:2 (=}?*

Portals:
Abyss: D:7


Innate Abilities, Weirdness & Mutations

You are resistant to torment.
Your stone body is resilient. (AC +12)
You are immune to poison.
Your large and strong wings let you fly indefinitely.
You resist negative energy. (rN+)
You are resistant to electric shocks. (rElec)
You can survive without breathing.
You are immune to petrification.
You are immune to miasma.
You are clumsy. (Dex -2)


Message History

The weapon returns to the merfolk!
You hear a bleat!
You hit the water elemental but do no damage.
The water elemental is heavily damaged.
The merfolk completely misses you.
The wind drake bites you but does no damage.
The merfolk aquamancer hits you with a +0 rapier.
* * * LOW HITPOINT WARNING * * *
The sea snake completely misses you.
The merfolk throws a boomerang.
The boomerang barely misses the water elemental.
The boomerang hits the water elemental!!
The weapon returns to the merfolk!
The sea snake barely misses you.
You hit the water elemental but do no damage.
The water elemental is almost destroyed.
The wind drake flaps its wings at you.
* * * LOW HITPOINT WARNING * * *
The merfolk closely misses you.
The merfolk aquamancer hits you but does no damage.
The merfolk hits you from afar with a +0 trident!
You die...

..........
..../...≈≈≈≈≈≈≈......
≈...###. ≈≈≈≈≈≈.....#
....# ≈.≈≈≈≈≈....#
..... ≈≈≈≈.≈≈....##
≈≈ #....
≈≈≈≈........####≈≈
..≈..
.≈≈≈≈..m.≈......≈≈
≈≈≈..
≈≈≈≈≈.k≈mm......≈≈≈
≈≈...
≈≈≈≈..m@SE......≈≈.
≈≈.##
≈....≈≈SEE≈..≈≈≈≈.#
≈≈..#
≈.....###E..≈≈≈≈≈##
≈≈... ≈≈....
##...≈≈≈≈.. ≈≈≈..
......###......≈≈..
≈≈≈.≈
...P...#.≈≈..m.≈≈≈≈
≈≈≈≈≈≈≈ ##P.
#.#.≈≈≈.≈...≈≈
≈≈≈.≈≈.. ###
#P##≈≈≈≈≈...≈≈
≈≈≈.≈≈..##
#P..≈≈≈≈≈.....


You could see 2 sea snakes, 2 merfolk aquamancers, a wind drake (repels
missiles), 3 merfolk and 4 water elementals.

Vanquished Creatures
  Saint Roka (Orc:2)
  Gastronok (Lair:3)
  Donald (Orc:2)
  A very ugly thing (D:9)
  The ghost of Caath the Blocker, a journeyman DrFi of Okawaru (Lair:5)
  An ettin (Orc:2)
  A merfolk javelineer (Shoals:1)
  2 fire dragons (D:15)
  A merfolk impaler (Shoals:1)
  2 ogre magi (Orc:2)
  2 boulder beetles (D:11)
  A vault guard (D:13)
  9 hydras
  Erica (Lair:2)
  Harold (Orc:1)
  A death knight (D:15)
  4 catoblepae
  12 two-headed ogres
  3 centaur warriors
  5 death yaks
  A tengu warrior (D:11)
  A hell knight (D:13)
  The ghost of skk the Carver, a novice TeGl of Gozag (D:9)
  6 skeletal warriors (D:15)
  A sea snake (Shoals:1)
  2 deep trolls (Orc:2)
  3 unseen horrors
  A deep elf archer (D:13)
  An orc knight (Orc:2)
  Pikel (D:4)
  A deep elf mage (D:13)
  3 wizards (D:13)
  A phantasmal warrior (D:15)
  3 harpies (D:13)
  An oklob plant (Orc:2)
  5 cyclopes
  8 ugly things
  3 manticores
  6 fauns (Shoals:1)
  6 merfolk sirens
  2 water nymphs (Shoals:1)
  2 centaur zombies
  An ice statue (D:11)
  2 rust devils (D:9)
  21 elephants
  5 black mambas
  4 centaur skeletons
  11 cane toads
  2 gargoyles (D:15)
  5 komodo dragons
  A yaktaur (D:13)
  Maggie (D:6)
  A kobold demonologist (D:13)
  The ghost of Borgoz the Cudgeller, a novice GrGl (D:7)
  An ancient zyme (D:7)
  A redback zombie (D:15)
  A queen bee (D:15)
  3 tengu conjurers
  3 polar bears
  7 merfolk
  3 meliai (D:15)
  16 trolls
  Grinder (D:4)
  9 slime creatures
  18 blink frogs
  2 wind drakes (Shoals:1)
  A snapping turtle (Shoals:1)
  12 dream sheep
  A centaur simulacrum (D:15)
  A shadow (D:12)
  A tarantella (shapeshifter) (D:14)
  9 wyverns
  2 vampires
  19 humans (D:13)
  5 wraiths
  58 yaks
  7 basilisks
  A chaos spawn (D:7)
  2 vampire mosquitoes (D:15)
  2 steam dragons
  3 neqoxecs (D:9)
  An acid dragon (D:13)
  3 wargs
  15 water moccasins
  34 orc warriors
  3 black bears
  3 ice beasts
  3 sky beasts
  2 phantoms
  3 eyes of draining
  18 centaurs
  27 ogres
  11 wolves
  Blork the orc (D:14)
  A big kobold (shapeshifter) (D:9)
  15 bullfrogs
  A big kobold (D:13)
  2 gnoll sergeants (D:7)
  A wyvern skeleton (D:10)
  A wyvern zombie (D:12)
  2 scorpions
  25 killer bees
  17 wights
  A howler monkey (D:4)
  3 electric eels
  2 howler monkeys (shapeshifter) (D:9)
  2 quasits
  18 orc priests
  A wyvern simulacrum (D:11)
  6 hounds
  3 jellies
  3 bullfrog skeletons
  3 iguanas
  26 orc wizards
  12 worker ants
  Terence (D:3)
  A bullfrog simulacrum (D:11)
  2 hound zombies
  A hound skeleton (D:4)
  2 mummies
  Robin (D:5)
  10 adders
  A shadow imp (D:7)
  2 white imps
  6 ufetubi
  An ooze (shapeshifter) (D:9)
  An adder zombie (D:9)
  An adder skeleton (D:9)
  5 worms
  3 dart slugs
  8 leopard geckos
  103 orcs
  3 ball pythons
  19 giant cockroaches
  14 goblins
  10 hobgoblins
  10 jackals
  2 quokkas (D:9)
  7 bats
  12 frilled lizards
  7 gnoll skeletons (Ossuary)
  A goblin zombie (D:8)
  7 kobolds
  6 kobold skeletons (Ossuary)
  A leopard gecko skeleton (D:5)
  A leopard gecko zombie (D:6)
  12 orc skeletons (Ossuary)
  An orc zombie (D:8)
  8 rats
893 creatures vanquished.

Vanquished Creatures (collateral kills)
  A komodo dragon (Lair:1)
1 creature vanquished.

Vanquished Creatures (others)
  A merfolk (Shoals:1)
  An ogre (Orc:2)
  An orc priest (Orc:2)
  13 fungi
  46 plants
  A withered plant (D:13)
63 creatures vanquished.

Grand Total: 957 creatures vanquished

Notes
Turn   | Place    | Note
-------+----------+-------------------------------------------
     0 | D:1      | Borgoz the Gargoyle Gladiator began the quest for the Orb.
     0 | D:1      | Reached XP level 1. HP: 12/12 MP: 1/1
   260 | D:1      | Reached XP level 2. HP: 17/17 MP: 2/2
   398 | D:1      | Reached skill level 1 in Armour
   423 | D:1      | Reached XP level 3. HP: 18/22 MP: 3/3
  1253 | D:2      | Reached XP level 4. HP: 8/27 MP: 4/4
  2513 | D:3      | Reached skill level 4 in Maces & Flails
  2539 | D:3      | Noticed Terence
  2550 | D:3      | Killed Terence
  2551 | D:3      | Reached XP level 5. HP: 32/32 MP: 5/5
  2859 | D:3      | Found a glowing drain.
  2872 | Sewer    | Entered a sewer
  3247 | Sewer    | Reached XP level 6. HP: 19/37 MP: 6/6
  4541 | D:4      | Noticed Robin
  4549 | D:5      | Entered Level 5 of the Dungeon
  4588 | D:5      | Noticed a phantom
  4614 | D:5      | Noticed a sky beast
  4619 | D:5      | Killed a phantom
  4620 | D:5      | Reached skill level 5 in Maces & Flails
  4638 | D:5      | Reached XP level 7. HP: 26/42 MP: 7/7
  4773 | D:5      | Killed Robin
  5192 | D:4      | Noticed Grinder
  5200 | D:4      | Killed Grinder
  5201 | D:4      | Reached skill level 6 in Maces & Flails
  5201 | D:4      | Reached XP level 8. HP: 45/48 MP: 8/8
  5256 | D:4      | Reached skill level 5 in Dodging
  5616 | D:5      | Noticed Pikel
  5652 | D:4      | Killed Pikel
  5653 | D:4      | Reached skill level 5 in Fighting
  5653 | D:4      | Reached skill level 7 in Maces & Flails
  6052 | D:5      | Reached XP level 9. HP: 41/54 MP: 7/9
  6454 | D:5      | Found a shimmering altar of Xom.
  6698 | D:6      | Found a glowing golden altar of the Shining One.
  6700 | D:6      | Found a snail-covered altar of Cheibriados.
  6727 | D:6      | Noticed Maggie
  6766 | D:6      | Killed Maggie
  6767 | D:6      | Reached skill level 5 in Armour
  7107 | D:6      | Found a staircase to the Ecumenical Temple.
  7128 | Temple   | Entered the Ecumenical Temple
  7525 | D:6      | Found a white marble altar of Elyvilon.
  7885 | D:7      | Reached skill level 8 in Maces & Flails
  7945 | D:7      | Reached skill level 1 in Evocations
  8450 | D:7      | Found a transporter.
  8551 | D:7      | Noticed an ancient zyme
  8552 | D:7      | Found a transporter.
  8559 | D:7      | Found a one-way gate to the infinite horrors of the Abyss.
  8560 | D:7      | Noticed Borgoz's ghost (novice GrGl)
  8642 | D:7      | Found a white marble altar of Elyvilon.
  8738 | D:8      | Found a radiant altar of Vehumet.
  8816 | D:8      | Reached XP level 10. HP: 23/61 MP: 4/10
  8941 | D:8      | Found a sand-covered staircase.
  8987 | Ossuary  | Entered an ossuary
  9390 | D:8      | Found a hide-covered altar of Uskayaw.
  9510 | D:8      | Found a sparkling altar of Nemelex Xobeh.
  9513 | D:8      | Found a bloodstained altar of Trog.
  9516 | D:8      | Found an ornate altar of the Wu Jian Council.
  9775 | D:8      | Noticed a skeletal warrior
  9795 | D:8      | Found an ancient bone altar of Kikubaaqudgha.
  9872 | D:9      | Noticed a two-headed ogre
 10049 | D:8      | Killed a two-headed ogre
 10050 | D:8      | Reached skill level 9 in Maces & Flails
 10496 | D:9      | Found a staircase to the Lair.
 10722 | D:9      | Found a broken altar of Ashenzari.
 10742 | D:8      | Noticed a rust devil
 10742 | D:8      | Noticed a rust devil
 10862 | D:9      | Killed a rust devil
 10916 | D:9      | Killed a rust devil
 11080 | D:8      | Got a bloodstained chain mail
 11091 | D:8      | Identified the +7 chain mail "Qeobaow" {*Slow Will++
                  | Slay+5} (You found it on level 8 of the Dungeon)
 11103 | D:8      | Got a heavily runed plate armour
 11114 | D:8      | Identified the +0 plate armour "Fugexi Nock" {Dex+3} (You
                  | found it on level 8 of the Dungeon)
 11180 | D:9      | Found a runed translucent gate.
 11180 | D:9      | Found a runed translucent gate.
 11181 | D:9      | Found a runed translucent gate.
 11183 | D:9      | Noticed a purple ugly thing
 11183 | D:9      | Noticed a white ugly thing
 11183 | D:9      | Noticed a white very ugly thing
 11185 | D:9      | Noticed a cyan ugly thing
 11215 | D:9      | Noticed a two-headed ogre
 11226 | D:9      | Killed a two-headed ogre
 11227 | D:9      | Reached XP level 11. HP: 56/67 MP: 11/11
 11494 | D:9      | Killed a red ugly thing
 11511 | D:9      | Killed a cyan very ugly thing
 11512 | D:9      | Reached skill level 10 in Maces & Flails
 11521 | D:9      | Killed a brown ugly thing
 11528 | D:9      | Killed a red ugly thing
 11537 | D:9      | Found a runed translucent gate.
 11537 | D:9      | Found a runed translucent gate.
 11538 | D:9      | Noticed skk's ghost (novice TeGl)
 11540 | D:9      | Found a runed translucent gate.
 11677 | D:10     | Entered Level 10 of the Dungeon
 11988 | D:10     | Found Zyddoiwn's Antique Armour Emporium.
 12000 | D:10     | Bought a shiny troll leather armour for 306 gold pieces
 12224 | D:11     | Noticed a white ugly thing
 12238 | D:11     | Killed a white ugly thing
 12425 | D:11     | Noticed a boulder beetle
 12451 | D:11     | Killed a boulder beetle
 12562 | D:11     | Noticed a tengu warrior
 12588 | D:11     | Killed a tengu warrior
 12589 | D:11     | Reached XP level 12. HP: 75/75 MP: 12/12
 12618 | D:11     | Reached skill level 11 in Maces & Flails
 12709 | D:11     | Noticed a boulder beetle
 12731 | D:11     | Killed a boulder beetle
 12732 | D:11     | Reached skill level 5 in Evocations
 12872 | D:11     | Found a runed translucent door.
 12969 | D:11     | Found a runed translucent door.
 12983 | D:11     | Found a runed translucent door.
 12994 | D:11     | Found a runed translucent door.
 13422 | Lair:1   | Entered Level 1 of the Lair of Beasts
 14022 | Lair:1   | Noticed an eight-headed hydra
 14027 | Lair:1   | Killed an eight-headed hydra
 14028 | Lair:1   | Reached skill level 10 in Dodging
 14118 | Lair:1   | Learned a level 2 spell: Blink
 14387 | Lair:2   | Found a staircase to the Snake Pit.
 14721 | Lair:2   | Noticed an eight-headed hydra
 14732 | Lair:2   | Killed an eight-headed hydra
 14815 | Lair:2   | Noticed Erica
 14827 | Lair:2   | Killed Erica
 14828 | Lair:2   | Reached skill level 12 in Maces & Flails
 14828 | Lair:2   | Reached XP level 13. HP: 80/80 MP: 13/13
 16159 | Lair:3   | Noticed Gastronok
 16178 | Lair:3   | Killed Gastronok
 16553 | Lair:4   | Reached skill level 10 in Fighting
 16760 | Lair:4   | Learned a level 3 spell: Confusing Touch
 16765 | Lair:4   | Found a staircase to the Shoals.
 17210 | Lair:5   | Reached skill level 1 in Stealth
 17362 | Lair:5   | Reached skill level 1 in Translocations
 17493 | Lair:5   | Reached skill level 1 in Spellcasting
 17493 | Lair:5   | Reached skill level 1 in Hexes
 17732 | Lair:5   | Reached skill level 10 in Armour
 17819 | Lair:5   | Gained mutation: Your large and strong wings let you fly
                  | indefinitely. [Gargoyle growth]
 17819 | Lair:5   | Reached XP level 14. HP: 72/88 MP: 14/16
 17915 | Lair:5   | Found a large runed translucent door.
 17915 | Lair:5   | Found a large runed translucent door.
 17915 | Lair:5   | Noticed Caath's ghost (journeyman DrFi)
 18047 | Lair:5   | Reached skill level 13 in Maces & Flails
 18395 | Lair:5   | Killed Caath's ghost
 18401 | Lair:5   | Got an ichor-stained rapier
 18402 | Lair:5   | Identified the cursed +1 rapier of Greatest Utility {flame,
                  | *Contam rF+ Str+4} (You found it on level 5 of the Lair of
                  | Beasts)
 18425 | Lair:5   | Gained mutation: You are clumsy. (Dex -2) [mutagenic glow]
 18502 | Lair:6   | Entered Level 6 of the Lair of Beasts
 20288 | Lair:6   | Found a runed translucent door.
 20288 | Lair:6   | Found a viscous altar of Jiyva.
 20291 | Lair:6   | Noticed an acid blob
 20292 | Lair:6   | Found a staircase to the Slime Pits.
 20292 | Lair:6   | Noticed an acid blob
 20292 | Lair:6   | Noticed an acid blob
 20293 | Lair:6   | Noticed an acid blob
 20293 | Lair:6   | Noticed an acid blob
 21414 | D:7      | Cast into level 2 of the Abyss (gnoll sergeant)
 21437 | D:7      | Escaped the Abyss
 21452 | D:7      | Killed Borgoz's ghost
 21939 | D:9      | Reached XP level 15. HP: 74/83 MP: 17/20
 21947 | D:9      | Killed skk's ghost
 23450 | D:12     | Found a roughly hewn altar of Beogh.
 23450 | D:12     | Found a staircase to the Orcish Mines.
 23815 | D:13     | Reached skill level 5 in Stealth
 24692 | D:13     | Reached skill level 14 in Maces & Flails
 24718 | D:13     | Got a transparent broad axe
 24719 | D:13     | Identified the +7 broad axe "Uwys" {flame, Dex+4} (You
                  | found it on level 13 of the Dungeon)
 24726 | D:13     | Found a gate to the Vaults.
 25879 | D:14     | Found an iron altar of Okawaru.
 26006 | D:14     | Noticed Blork the orc
 26015 | D:14     | Killed Blork the orc
 26017 | D:14     | Found a shimmering blue altar of Sif Muna.
 26121 | D:15     | Entered Level 15 of the Dungeon
 26206 | D:15     | HP: 2/95 [white ugly thing (21)]
 26800 | D:15     | Reached XP level 16. HP: 100/100 MP: 23/23
 26823 | D:15     | Reached skill level 5 in Translocations
 26835 | D:15     | Reached skill level 5 in Spellcasting
 26840 | D:15     | Reached skill level 5 in Hexes
 27333 | D:15     | Found a staircase to the Depths.
 27801 | Orc:1    | Entered Level 1 of the Orcish Mines
 27916 | Orc:1    | Noticed Harold
 27928 | Orc:1    | Killed Harold
 28099 | Orc:2    | Entered Level 2 of the Orcish Mines
 28103 | Orc:2    | Noticed Donald
 28119 | Orc:2    | Killed Donald
 28417 | Orc:2    | Found Horiewk's Weapon Shoppe.
 28811 | Orc:2    | Found Mumuoh's Jewellery Shop.
 28829 | Orc:2    | Reached skill level 15 in Maces & Flails
 28869 | Orc:2    | Found Nenokoadgh's Gadget Boutique.
 28890 | Orc:2    | Found Gath's Magic Scroll Shoppe.
 28900 | Orc:2    | Found Dires Arru's General Store.
 28931 | Orc:2    | Bought a potion of berserk rage for 60 gold pieces
 29117 | Orc:2    | Found a staircase to the Elven Halls.
 29143 | Orc:2    | Noticed Saint Roka
 29566 | Orc:2    | Killed Saint Roka
 30579 | D:10     | Bought polished ice dragon scales for 1105 gold pieces
 30656 | Orc:2    | Bought an uncursed ring of resist corrosion for 360 gold
                  | pieces
 30887 | Shoals:1 | Entered Level 1 of the Shoals
 31757 | Shoals:1 | Identified the +11 ice dragon scales of Dattaqye {rF- rC++
                  | rN+ Regen+} (You bought it in a shop on level 10 of the
                  | Dungeon)
 31966 | Shoals:1 | Identified the +4 robe of Duty {rElec SInv}
 32047 | Shoals:1 | Reached XP level 17. HP: 108/108 MP: 24/24
 32137 | Shoals:1 | HP: 1/108 [wind drake/the air (15)]
 32137 | Shoals:1 | Mangled by a merfolk

Illustrated notes

Levels and vault maps discovered:
D:1:      dpeg_arrival_tiny_b, layout_loops_ring, serial_forest,
          infiniplex_forest_straight_3, infiniplex_forest_end_2,
          infiniplex_forest_fountain, infiniplex_forest_lined_2,
          infiniplex_forest_end_double, infiniplex_forest_straight_4,
          infiniplex_forest_lined_room_3, minmay_heptomino_l4
D:2:      minmay_angry_zag, layout_basic
D:3:      layout_basic, gup_sewer_entry_bubbles, serial_rivers,
          chequers_serial_rivers_room_a, chequers_serial_rivers_micro_a,
          chequers_serial_rivers_small_b, chequers_serial_rivers_small_b,
          kennysheep_small_spiral, kennysheep_another_room, uniq_terence
D:4:      layout_basic, hangedman_decor_riveting, uniq_robin, uniq_grinder
D:5:      layout_rooms, tgw_xom, uniq_pikel
D:6:      layout_loops_corners, nicolae_overflow_hidden_temple,
          minmay_temple_entry_wispy, elyvilon_altar_3, uniq_maggie
D:7:      layout_loops_ring, general_overflow_altar,
          gammafunk_ghost_abyssal_escape
D:8:      cheibrodos_iron_armory, layout_loops_ring, lemuel_round_altar,
          grunt_temple_overflow_cloverleaf, kennysheep_mini_moat,
          nicolae_ossuary_entry_giza, lightli_corner_chamber
D:9:      layout_rooms, lemuel_doored_altar, lair_entry_dummy,
          ploomutoo_gammafunk_ghost_potion_laboratory
D:10:     layout_cave_pools, serial_shops, shop
D:11:     layout_basic, serial_ice, serial_ice_a, serial_ice_l, serial_ice_d,
          serial_ice_n, minmay_statue_crystal_thing
D:12:     layout_long_grid, david_orc_5
D:13:     nzn_winding_woodlands_three_and_one
          [nzn_winding_woodlands_5x15_pockets,
          nzn_winding_woodlands_5x15_default,
          nzn_winding_woodlands_5x15_concentric,
          nzn_winding_woodlands_center_triple_pond], layout_basic,
          grunt_vaults_entry_tiered, argonaut_gorgonesque
D:14:     layout_cave_pools, tgw_sif, basic_altar, dk_noncrumbling_3,
          amcnicky_mini_rare_corridor_liquid, eino_curves_01
D:15:     grunt_enter_depths_hoard, layout_cave_pools, special_room
          [special_room_bee], minivault_23
Temple:   minmay_temple_curvy_loop
Lair:1:   layout_hall_layers
Lair:2:   layout_chaotic_city, dummy_snake_entry, lemuel_fruit_fields,
          serial_bayou_shore_a, uniq_erica
Lair:3:   layout_cave_pods, serial_bayou_lagoon_a, grunt_forest_stairs_basic,
          uniq_gastronok
Lair:4:   layout_big_grid, elwin_shoals_entry_stream
Lair:5:   layout_cave_shapes, ebering_ghost_disaster_area, st_stairs_11,
          serial_bayou_shore_b, grunt_megastairs_3, lemuel_fruit_fields,
          lemuel_fruit_fields
Lair:6:   evilmike_catoblepas_cave, layout_hall_layers, slime_altar_2,
          serial_bayou_crossing, lemuel_fruit_tree, serial_bayou_shore_b,
          infiniplex_staircase_pool_2
Shoals:1: layout_shoals
Orc:1:    layout_caves, uniq_harold
Orc:2:    st_orc_open, layout_caves, serial_shops, shop, mines3_lemuel,
          uniq_donald, uniq_saint_roka

Skill      XL: |  1  2  3  4  5  6  7  8  9 10 11 12 13 14 15 16 |
---------------+-------------------------------------------------+-----
Armour         | 1 2 3 4 5 7 8 9 10 11 12 | 12.2
Dodging        | 3 4 5 7 8 9 10 11 12 13 | 13.5
Maces & Flails | 4 5 6 7 8 9 10 12 13 14 15 | 15.6
Fighting       | 3 4 5 6 7 8 9 10 11 12 | 12.4
Evocations     | 1 3 4 6 |  6.7
Stealth        | 2 4 5 |  5.0
Translocations | 1 3 4 5 |  5.0
Spellcasting   | 1 3 4 5 |  5.0
Hexes          | 1 3 4 5 |  5.0
Throwing       | |  1.7

Action                   |  1- 3 |  4- 6 |  7- 9 | 10-12 | 13-15 | 16-18 || total
-------------------------+-------+-------+-------+-------+-------+-------++-------
Melee: Flail             |   139 |   325 |   445 |   171 |       |       ||  1080
       Dire flail        |       |       |       |   702 |  1430 |   120 ||  2252
       Broad axe         |       |       |       |       |   181 |   245 ||   426
       Great mace        |       |       |       |       |       |   110 ||   110
Throw: Throwing net      |       |       |     3 |     1 |       |     1 ||     5
 Abil: Fly               |       |       |       |       |     1 |       ||     1
       Evoke Invisibilit |       |       |       |       |       |     1 ||     1
Evoke: Wand              |       |       |       |     8 |       |     6 ||    14
  Use: Potion            |     1 |       |     1 |     8 |     5 |    14 ||    29
       Scroll            |       |     4 |     8 |    11 |     8 |     4 ||    35
 Stab: Sleeping          |       |     2 |     2 |       |       |       ||     4
       Held in net/web   |       |       |     3 |     3 |       |     2 ||     8
       Invisible         |       |       |       |       |    10 |    16 ||    26
Armor: Leather armour    |    59 |   200 |   153 |    61 |       |       ||   473
       Skin              |       |     4 |       |       |       |       ||     4
       Chain mail        |       |       |       |   397 |   891 |   315 ||  1603
       Ice dragon scales |       |       |       |       |       |   113 ||   113
Dodge: Dodged            |   113 |   352 |   428 |  1039 |  1374 |   864 ||  4170
Block: Buckler           |       |       |       |    20 |       |       ||    20
